AoeStats
← AOELG_bravedave92

Arena

503837568Analyzed
2v2 RM · 29d ago on Sep 2, 2026· 31m 52s· 4 players
Game mode
Random Map
Map size
Medium (4 player)
Population
200
Speed
Normal
Resources
Standard
Victory
Conquest
Starting age
Dark Age
Ending age
Imperial Age
RankedLock teamsTeams togetherTeam positionsShared explorationLock speedFull tech treeHidden civsTurbo modeCheats
Victory
Defeat
🇩🇪 Cumans · Germany
1211
+14
🇫🇷 Franks · France
1190
+15
🇨🇭 Mongols · Switzerland
1173
-15
🇩🇪 Cumans · Germany
1153
-14
sasha
10:26 Feudal Age
15:01 Castle Age
14:14 Double-Bit Axe
14:26 Loom
26:03 Scale Barding Armor
28:07 Chain Barding Armor
29:49 Husbandry
30:02 Forging
31:58 Iron Casting
31:46 Gold Mining
Sergio Marquina
8:22 Feudal Age
9:38 Double-Bit Axe
10:26 Horse Collar
12:57 Wheelbarrow
15:37 Loom
19:37 Castle Age
18:17 Scale Mail Armor
18:29 Forging
18:16 Man-at-Arms
18:42 Arson
18:56 Gold Mining
20:17 Capped Ram
20:25 Long Swordsman
21:13 Padded Archer Armor
21:04 Fletching
21:29 Pikeman
22:13 Squires
22:49 Elite Skirmisher
25:21 Leather Archer Armor
28:13 Heavy Plow
29:12 Scale Barding Armor
30:24 Ballistics
30:15 Careening
31:31 Bodkin Arrow
AOELG_bravedave92
6:41 Loom
9:32 Feudal Age
16:13 Castle Age
14:55 Double-Bit Axe
22:34 Horse Collar
23:31 Wheelbarrow
24:36 Fletching
26:17 Padded Archer Armor
frickman
10:21 Feudal Age
11:12 Double-Bit Axe
14:02 Castle Age
13:47 Horse Collar
13:57 Loom
15:38 Bow Saw
15:47 Fletching
19:16 Padded Archer Armor
21:59 Bodkin Arrow
22:20 Leather Archer Armor
23:44 Bloodlines
24:51 Ballistics
24:33 Husbandry
32:24 Imperial Age
30:28 Herbal Medicine
31:02 Stone Mining
31:05 Gold Mining
30:40 Light Cavalry
Connection lost

Rejoining the realm…

Still unreachable

The connection could not be restored.

Session expired

The server has moved on; the page needs a fresh start.